 Dungeon Crawl Stone Soup version 0.31-a0-358-gac0dbeb3ab (webtiles) character file.

Game seed: 17263510299646826221

1968407 Shard1697 the Sensei (level 27, 155/155 HPs)
             Began as a Vine Stalker Hexslinger on July 26, 2023.
             Was the Champion of Qazlal.
             Escaped with the Orb
             ... and 3 runes!
             The game lasted 02:02:51 (52090 turns).

Shard1697 the Sensei (Vine Stalker Hexslinger)     Turns: 52090, Time: 02:02:52

Health: 155/155    AC: 32    Str: 20    XL:     27
Magic:  37/37      EV: 22    Int: 12    God:    Qazlal [******]
Gold:   4073       SH: 26    Dex: 26    Spells: 18/28 levels left

rFire   + .          .
                       - Unarmed
rCold   + + .        n - +2 kite shield {rC+ rF+}
rNeg    + + +        V - +5 plate armour {Will+}
rPois   ∞            S - +0 helmet "Someusa" {Int+2 Dex+4}
rElec   .            k - +2 cloak {Stlth+}
rCorr   +            c - +2 pair of gloves
SInv    .            I - +2 pair of boots {rampage}
Will    +++++        N - necklace of Bloodlust {Fury *Rage Will++ Int-3 Slay+6} Stlth
                     K - ring of resist corrosion
HPRegen 1.25/turn    Q - +5 ring of evasion
MPRegen 0.25/turn

%: repel missiles, guardian spirit, rampage
@: death-form, studying Maces & Flails
A: vile attack, torment immunity, no potions, fangs 3, regeneration 1, magic
shield, antimagic bite, no potion heal 2
0: Orb of Zot
}: 3/15 runes: decaying, serpentine, silver
a: Siphon Essence, Begin Untransformation, Renounce Religion, Upheaval,
Elemental Force, Disaster Area


You escaped.
You worshipped Qazlal.
Qazlal was exalted by your worship.
You were an undying horror.
You visited 9 branches of the dungeon, and saw 47 of its levels.
You visited the Abyss 1 time.
You also visited: Gauntlet and Ice Cave.

You collected 7870 gold pieces.
You spent 3797 gold pieces at shops.

Inventory:

Armour
 c - a +2 pair of gloves (worn)
 k - a +2 cloak of stealth (worn)
 l - the +7 tower shield of Limitation {Harm rElec MP-9 Int+6}
   (You took it off Mennas on level 3 of the Vaults)

   Int:       It affects your intelligence (+6).
   rElec:     It insulates you from electricity.
   MP:        It affects your magic capacity (-9).
   Harm:      It increases damage dealt and taken.
 n - a +2 kite shield of resistance (worn)
 I - a +2 pair of boots of rampaging (worn)
 S - the +0 helmet "Someusa" (worn) {Int+2 Dex+4}
   (You found it on level 13 of the Dungeon)

   Int:       It affects your intelligence (+2).
   Dex:       It affects your dexterity (+4).
 V - a +5 plate armour of willpower (worn)
Jewellery
 g - the amulet of Areg {Regen+ Str+4}
   (You acquired it on level 3 of the Dungeon)

   [amulet of regeneration]

   Str:       It affects your strength (+4).
   Regen:     It increases your rate of health regeneration.
 D - the ring of Sovereignty {Int+5 SInv}
   (You found it on level 2 of the Depths)

   [ring of see invisible]

   Int:       It affects your intelligence (+5).
   SInv:      It lets you see invisible.
 J - a +4 ring of protection
 K - a ring of resist corrosion (left hand)
 N - the necklace of Bloodlust (around neck) {Fury *Rage Will++ Int-3 Slay+6}
   (You took it off a deep elf annihilator on level 3 of the Elven Halls)

   [amulet of nothing]

   Fury:      It extends the wearer's berserk rage when killing foes.
   Int:       It affects your intelligence (-3).
   Slay:      It affects your accuracy & damage with ranged weapons and melee
   (+6).
   *Rage:     It berserks you when you make melee attacks (+50% chance).
   Will:      It greatly increases your willpower.
 Q - a +5 ring of evasion (right hand)
 X - the ring "Xesm" {rF+ rC+ SInv}
   (You found it on level 2 of the Depths)

   [ring of protection from fire]

   rF:        It protects you from fire.
   rC:        It protects you from cold.
   SInv:      It lets you see invisible.
Talismans
 y - a blade talisman
 W - a talisman of death
Wands
 q - a wand of digging (16)
 A - a wand of charming (85)
 B - a wand of mindburst (21)
 G - a wand of light (12)
 M - a wand of polymorph (8)
 U - a wand of iceblast (84)
Scrolls
 a - 10 scrolls of poison
 b - a scroll of torment
 e - 17 scrolls of fear
 i - 5 scrolls of revelation
 s - 4 scrolls of silence
 t - a scroll of blinking
 u - 6 scrolls of fog
 C - 21 scrolls of teleportation
 L - 37 scrolls of identify
 O - 3 scrolls of butterflies
 P - 5 scrolls of amnesia
Potions
 d - 6 potions of might
 f - 5 potions of enlightenment
 j - 8 potions of lignification
 m - 3 potions of magic
 o - 34 potions of curing
 p - 15 potions of haste
 r - 6 potions of ambrosia
 v - a potion of resistance
 w - 4 potions of brilliance
 x - 4 potions of berserk rage
 z - 13 potions of mutation
 E - 3 potions of invisibility
Miscellaneous
 R - a phial of floods


   Skills:
 - Level 19.3 Fighting
 - Level 1.7 Ranged Weapons
 + Level 11.3 Armour
 - Level 17.9 Dodging
 - Level 6.0 Stealth
 - Level 15.0 Shields
 - Level 21.3 Unarmed Combat
 - Level 1.1 Spellcasting
 - Level 3.0 Hexes
 - Level 18.2 Invocations
 - Level 21.0 Shapeshifting


You had 18 spell levels left.
You knew the following spells:

 Your Spells              Type           Power      Damage    Failure   Level
a - Slow                  Hex            28%        N/A       91%         1
b - Swiftness             Air            0%         N/A       100%        3
c - Blink                 Tloc           0%         N/A       100%        2
d - Manifold Assault      Tloc           0%         N/A       100%        4

Your spell library contained the following spells:

 Spells                   Type           Power      Damage    Failure   Level
 Tukima's Dance           Hex            7%         N/A       99%         3
 Apportation              Tloc           0%         N/A       100%        1
 Freeze                   Ice            0%         1d3       100%        1
 Magic Dart               Conj           0%         1d3       100%        1
 Sandblast                Erth           0%         2d4       100%        1
 Shock                    Conj/Air       0%         1d3       100%        1
 Sting                    Tmut/Pois      0%         1d3       100%        1
 Call Imp                 Summ           0%         N/A       100%        2
 Momentum Strike          Conj/Tloc      0%         3d8       100%        2
 Passwall                 Tmut/Erth      0%         N/A       100%        2
 Poisonous Vapours        Pois/Air       0%         N/A       100%        2
 Searing Ray              Conj           0%         2d4       100%        2
 Wereblood                Tmut           0%         N/A       100%        2
 Call Canine Familiar     Summ           0%         N/A       100%        3
 Dazzling Flash           Conj/Hex       8%         N/A       100%        3
 Gell's Gravitas          Tloc           0%         N/A       100%        3
 Hailstorm                Conj/Ice       0%         3d3       100%        3
 Ignite Poison            Fire/Tmut/Pois 0%         N/A       100%        3
 Inner Flame              Hex/Fire       4%         N/A       100%        3
 Mephitic Cloud           Conj/Pois/Air  0%         N/A       100%        3
 Ozocubu's Armour         Ice            0%         N/A       100%        3
 Portal Projectile        Hex/Tloc       8%         N/A       100%        3
 Stone Arrow              Conj/Erth      0%         3d7       100%        3
 Summon Guardian Golem    Hex/Summ       4%         N/A       100%        3
 Teleport Other           Tloc           0%         N/A       100%        3
 Vhi's Electric Charge    Tloc/Air       0%         N/A       100%        3
 Airstrike                Air            0%         2d(0-16)  100%        4
 Anguish                  Hex/Necr       2%         N/A       100%        4
 Animate Armour           Summ/Erth      0%         N/A       100%        4
 Cause Fear               Hex            3%         N/A       100%        4
 Flame Wave               Conj/Fire      0%         2d4       100%        4
 Fulminant Prism          Conj/Hex       2%         3d5       100%        4
 Iskenderun's Mystic Bla  Conj/Tloc      0%         2d3       100%        4
 Leda's Liquefaction      Hex/Erth       2%         N/A       100%        4
 Olgreb's Toxic Radiance  Pois           0%         N/A       100%        4
 Passage of Golubria      Tloc           0%         N/A       100%        4
 Petrify                  Tmut/Erth      0%         N/A       100%        4
 Sticky Flame             Conj/Fire      0%         2d3       100%        4
 Summon Ice Beast         Ice/Summ       0%         N/A       100%        4
 Summon Lightning Spire   Summ/Air       0%         N/A       100%        4
 Agony                    Necr           0%         N/A       100%        5
 Alistair's Intoxication  Tmut/Pois      0%         N/A       100%        5
 Arcjolt                  Conj/Air       0%         1d10      100%        5
 Borgnjor's Vile Clutch   Necr/Erth      0%         N/A       100%        5
 Fireball                 Conj/Fire      0%         3d3       100%        5
 Irradiate                Conj/Tmut      0%         3d11      100%        5
 Iskenderun's Battlesphe  Conj           0%         2d6       100%        5
 Lee's Rapid Deconstruct  Erth           0%         3d4*      100%        5
 Silence                  Hex/Air        2%         N/A       100%        5
 Summon Forest            Summ/Tloc      0%         N/A       100%        5
 Summon Mana Viper        Hex/Summ       4%         N/A       100%        5
 Yara's Violent Unravell  Hex/Tmut       2%         3d3       100%        5
 Conjure Ball Lightning   Conj/Air       0%         3x3d6     100%        6
 Dispersal                Tloc           0%         N/A       100%        6
 Eringya's Noxious Bog    Tmut/Pois      0%         4d6       100%        6
 Leda's Unmaking          Conj/Erth      0%         9d1       100%        6
 Simulacrum               Ice/Necr       0%         N/A       100%        6
 Starburst                Conj/Fire      0%         6d3       100%        6
 Summon Cactus Giant      Summ           0%         N/A       100%        6
 Enfeeble                 Hex            3%         N/A       100%        7
 Haunt                    Necr/Summ      0%         N/A       100%        7
 Orb of Destruction       Conj           0%         9d5       100%        7
 Ozocubu's Refrigeration  Ice            0%         4d7       100%        7
 Spellforged Servitor     Conj/Summ      0%         N/A       100%        7
 Summon Hydra             Summ           0%         N/A       100%        7
 Borgnjor's Revivificati  Necr           0%         N/A       100%        8
 Discord                  Hex            3%         N/A       100%        8
 Disjunction              Tloc           0%         N/A       100%        8
 Ignition                 Fire           0%         3d3       100%        8
 Lehudib's Crystal Spear  Conj/Erth      0%         10d2      100%        8
 Maxwell's Capacitive Co  Air            0%         ∞         100%        8
 Death's Door             Necr           0%         N/A       100%        9
 Dragon's Call            Summ           0%         N/A       100%        9
 Polar Vortex             Ice            0%         N/A       100%        9


Dungeon Overview and Level Annotations

Branches:
Dungeon (15/15)            Temple (0/1) D:5            Lair (5/5) D:11
  Swamp (4/4) Lair:2        Snake (4/4) Lair:2        Slime (0/5) Lair:5
    Orc (2/2) D:9             Elf (3/3) Orc:2        Vaults (5/5) D:14
  Crypt (0/3) Vaults:3     Depths (4/4) D:15            Zot (5/5) Depths:4
  IceCv (visited)         Gauntlet (visited)

Altars:
Fedhas
Makhleb
Okawaru
Qazlal
Ru
Sif Muna
Vehumet
Yredelemnul
Zin
The Shining One
Jiyva

Shops:
D:4 (??[   D:9 *   Orc:2 *((=   Elf:1 :*   Snake:1 ((??*   Snake:4 *
Depths:2 :!

Portals:
Hell: Depths:1 Depths:2 Depths:3 Depths:4
Abyss: Depths:3 Depths:4
Pandemonium: Depths:1 Depths:2 Depths:3
Ziggurat: Depths:1

Annotations:
D:9 3 runed translucent doors, exclusion: orange crystal statue
Depths:2 2 transporters
Zot:1 1 transporter


Innate Abilities, Weirdness & Mutations

You are an undying horror.
Your melee and unarmed attacks drain, slow and weaken victims.
You are immune to unholy pain and torment.
You cannot drink.
You are immune to poison.
You have razor-sharp teeth.
Your natural rate of healing is unusually fast.
When hurt, damage is shared between your health and your magic reserves.
Your bite disrupts and absorbs the magic of your enemies.
Potions cannot restore your health.


Message History

You feel protected from physical attacks.
You feel your intelligence returning.
Your Armour skill increases to level 11!
You pummel Piox!!
Piox decays.
You bite Piox!
Piox's magic leaks into the air.
You drain its magic.
You feel invigorated.
Piox is lightly wounded.
Piox completely misses you.
You punch Piox!
Piox decays.
You bite Piox.
Piox's magic leaks into the air.
You drain its magic.
Piox is moderately wounded.
Piox hits you but does no damage.
You pummel Piox!!
Piox decays.
Piox is heavily wounded.
You block Piox's attack.
You closely miss Piox. You bite Piox.
Piox's magic leaks into the air.
You drain its magic.
Piox is heavily wounded.
You block Piox's attack.
You hit Piox but do no damage. You bite Piox, but do no damage.
Piox is heavily wounded.
You block Piox's attack. Piox misses you.
You pummel Piox!!
Piox decays.
You bite Piox, but do no damage.
Piox is severely wounded.
You block Piox's attack.
You closely miss Piox. You bite Piox, but do no damage.
Piox is severely wounded.
Piox falters for a moment.
You pound Piox into fine dust!!!
Piox decays.
You bite Piox.
Piox's magic leaks into the air.
You drain its magic.
Piox is almost dead.
You block Piox's attack.
You punch Piox!
You kill Piox!
Qazlal accepts your kill.
Your protection from physical attacks is fading.
You feel less protected from physical attacks.
You enter the shallow water.
Moving in this stuff is going to be slow.
There is a staircase leading out of the dungeon here.
You have escaped!

..# #......## #.## ..#
#.......### ##..## ..#
#####'#..~♣ ♣♣♣~...# ..#
#.##~~♣♣♣≈♣~~#.###
..#######.##♣≈~~~~~♣♣#...########
..........# ♣≈~~~~~≈♣###..##....#
'########.# ♣♣~~~°§♣♣ ##.##....#
.#.....#### ♣♣~~~☼~≈♣ #..#....#
.#†###.# ♣≈§~z~○♣♣ ##....... .#.#
#.# ♣♣~~~§○≈♣ ##...... ##.# #.#
♣~°~~○≈♣ ##...># ...# #.#
♣~~~~~♣♣ #....# ######.#
#♣♣~~~~~≈♣# ####.# .....#.#
##~~≈≈≈≈♣~~# #.# ####.#.#
#..~♣♣♣♣♣~.# #.# ...#.#.# #.###
##.# #.# ...#.#.# #.# #..# #.#


There were no monsters in sight!

Vanquished Creatures
  3 pandemonium lords
  3 dread liches (Zot:5)
  5 orbs of fire (Zot:5)
  2 ancient liches
  Mennas (Vaults:3)
  2 Killer Klowns (Zot:5)
  Xtahua (Depths:3)
  Bai Suzhen (Depths:2)
  Saint Roka (Depths:2)
  Margery (Vaults:3)
  7 curse toes
  12 golden dragons
  A caustic shrike (Depths:2)
  the Enchantress (Depths:1)
  Nikola (Swamp:3)
  A profane servitor (D:8)
  2 Tzitzimimeh
  2 doom hounds (Depths:2)
  3 electric golems
  10 liches
  28 tentacled monstrosities
  3 deep elf blademasters
  Grunn (Depths:2)
  3 deep elf master archers
  23 Orb Guardians
  17 quicksilver dragons
  6 titans (Vaults:5)
  10 acid blobs (Zot:2)
  2 ancient champions (Depths:2)
  An Executioner (Zot:2)
  9 death cobs
  19 storm dragons
  8 sphinxes
  Donald (Orc:2)
  8 tengu reavers
  9 shadow dragons
  Roxanne (Elf:1)
  12 draconian monks
  2 fenstrider witches (Swamp:2)
  A fenstrider witch (shapeshifter) (Vaults:5)
  2 iron dragons
  7 draconian knights
  7 frost giants
  4 nagarajas
  3 ghost moths
  9 deep elf sorcerers
  Louise (Elf:2)
  9 draconian scorchers
  13 fire giants
  26 vault wardens
  A balrug (Depths:4)
  18 ironbound preservers
  An orc warlord (Vaults:2)
  3 draconian stormcallers
  9 draconian shifters
  7 spriggan defenders
  25 very ugly things
  5 deep elf elementalists
  4 war gargoyles
  8 draconian annihilators
  2 formless jellyfish (Vaults:3)
  14 stone giants
  3 eleionomae
  11 green draconians
  19 black draconians
  8 ironbound thunderhulks
  4 deep elf demonologists
  10 deep elf annihilators
  9 dire elephants
  3 vampire knights
  7 bunyips
  Nessos (Lair:3)
  A bunyip (shapeshifter) (Depths:3)
  11 spark wasps (Depths:4)
  20 yellow draconians
  15 white draconians
  A minotaur (Gauntlet)
  22 red draconians
  14 ettins
  9 purple draconians
  A merfolk javelineer (Depths:1)
  7 deep elf death magi
  An eidolon (Vaults:3)
  2 merfolk impalers (Depths:1)
  Josephine (Swamp:1)
  Snorg (D:13)
  6 deep elf high priests
  9 fire dragons
  2 jiangshi (Depths:3)
  23 hydras
  16 yaktaur captains
  3 rakshasas
  8 great orbs of eyes
  3 salamander tyrants
  The ghost of Raruif the Markskobold, a journeyman KoHu of Okawaru (Orc:1)
  5 entropy weavers
  47 vault guards
  4 ironbound frosthearts
  7 ice dragons
  A jorogumo (shapeshifter) (Vaults:5)
  6 spriggan air magi
  9 boulder beetles
  6 anacondas
  3 ghost crabs
  2 death knights (D:14)
  10 alligators
  6 ogre magi
  2 catoblepae
  22 dancing weapons
  18 naga warriors
  15 centaur warriors
  5 deep troll shamans
  A satyr (shapeshifter) (Vaults:5)
  3 vampire magi
  3 deep troll earth magi
  16 two-headed ogres
  10 tengu warriors
  9 death yaks
  A demonic crawler (D:11)
  3 orc high priests
  11 naga sharpshooters
  4 shock serpents
  27 deep elf knights
  14 hell knights
  15 spriggans
  6 spriggan berserkers
  5 sun demons
  2 soul eaters
  2 salamander mystics
  Amaemon (D:10)
  A sixfirhy (Depths:3)
  5 goliath frogs
  7 skeletal warriors
  50 deep trolls
  6 spriggan druids
  2 iron trolls
  A death drake (Depths:4)
  2 spectral anacondas (Snake:4)
  2 large abominations
  10 glowing orange brains
  2 shadow demons
  3 flayed ghosts
  2 naga ritualists
  An orb spider (shapeshifter) (Depths:3)
  3 bog bodies
  9 swamp dragons
  3 harpies (Vaults:1)
  8 lindwurms
  40 deep elf pyromancers
  17 necromancers
  14 deep elf archers
  25 ironbound convokers
  6 orc knights
  12 wizards
  5 mana vipers
  An oklob plant (Zot:2)
  7 phantasmal warriors
  28 deep elf zephyrmancers
  10 salamanders
  3 cyclopes
  2 shining eyes (Depths:1)
  2 wolf spiders
  A moth of wrath (shapeshifter) (Vaults:5)
  4 will-o-the-wisps
  A sphinx skeleton (Vaults:3)
  10 manticores
  25 vault sentinels
  34 ugly things
  30 moths of wrath
  3 orc sorcerers
  2 ice statues (IceCv)
  18 elephants
  16 guardian serpents
  38 black mambas
  A spectral sea snake (Snake:4)
  2 orange demons
  2 smoke demons
  A water nymph (shapeshifter) (Depths:2)
  2 eyes of devastation
  16 naga magi
  6 gargoyles
  8 cane toads
  An unseen horror (D:12)
  40 yaktaurs
  Psyche (D:12)
  An anaconda simulacrum (Snake:4)
  A human zombie (Vaults:3)
  10 rime drakes
  A hellion (D:2)
  6 komodo dragons
  2 ice devils
  4 freezing wraiths
  10 trolls
  7 tengu conjurers
  A spectral naga (Snake:4)
  2 red devils
  A polar bear (Lair:4)
  10 hornets
  7 tyrant leeches
  A wolf spider simulacrum (D:14)
  34 blink frogs
  6 dream sheep
  A spectral dream sheep (Lair:2)
  A stone giant simulacrum (Vaults:3)
  16 flying skulls (Zot:3)
  A jumping spider (Vaults:2)
  28 slime creatures
  A spriggan (shapeshifter) (Depths:3)
  3 air elementals
  A guardian serpent skeleton (Snake:4)
  A shadow (D:12)
  A ynoxinul (Depths:1)
  3 wyverns
  9 wraiths
  35 yaks
  5 basilisks
  2 vampires
  11 water elementals
  A golden eye (shapeshifter) (D:14)
  2 humans (D:11)
  2 small abominations (Abyss:3)
  5 fire elementals
  2 neqoxecs
  A spectral komodo dragon (Lair:2)
  6 redbacks
  A steam dragon (D:8)
  A sea snake simulacrum (Snake:4)
  9 chaos spawn
  22 vampire mosquitoes
  44 nagas
  A warg (shapeshifter) (D:14)
  3 wargs
  An acid dragon (D:11)
  18 swamp worms
  A spectral polar bear (Lair:2)
  17 water moccasins
  5 floating eyes
  4 naga skeletons (Snake:4)
  3 guardian serpent simulacra (Snake:4)
  12 swamp drakes
  15 orc warriors
  A black bear (D:6)
  27 ogres
  26 wolves
  9 centaurs
  5 boggarts (Vaults:1)
  2 kobold brigands
  12 bullfrogs
  An earth elemental (Elf:2)
  3 scorpions
  4 wights (D:7)
  13 killer bees (D:8)
  3 lindwurm simulacra (IceCv)
  8 howler monkeys
  3 crimson imps (Gauntlet)
  6 komodo dragon simulacra (IceCv)
  4 hounds
  26 jellies
  8 orc priests
  2 gnoll boudas
  21 orc wizards
  3 iguanas
  7 hell rats (Lair:2)
  3 acid dragon simulacra (IceCv)
  28 gnolls
  8 adders
  5 naga simulacra (Snake:4)
  A river rat (shapeshifter) (Vaults:4)
  A white imp (D:6)
  9 steam dragon simulacra (IceCv)
  A worm (D:2)
  4 dart slugs
  65 orcs
  7 bats
  7 endoplasms
  2 giant cockroaches
  A goblin (shapeshifter) (Depths:2)
  11 goblins
  10 hobgoblins
  9 jackals
  21 kobolds
  4 quokkas
  3 ball pythons
  4 frilled lizards
  9 rats
2312 creatures vanquished.

Vanquished Creatures (collateral kills)
  A black mamba (Lair:3)
  A steam dragon (Lair:3)
2 creatures vanquished.

Vanquished Creatures (others)
  A draconian knight (Zot:2)
  A white draconian (Zot:2)
  A two-headed ogre (D:10)
  A spriggan berserker (Swamp:4)
  A deep elf knight (Elf:3)
  2 goliath frogs
  A wizard (Depths:2)
  A salamander (Snake:2)
  4 bloated husks
  A vampire mosquito (D:14)
  A swamp worm (Swamp:2)
  A jelly (Zot:2)
  An orc priest (Elf:1)
  An iron imp (Zot:4)
  An adder (shapeshifter) (Vaults:5)
  An orc (Elf:1)
  15 foxfires
35 creatures vanquished.

Grand Total: 2349 creatures vanquished

Notes
Turn   | Place    | Note
-------+----------+-------------------------------------------
     0 | D:1      | Shard1697 the Vine Stalker Hexslinger began the quest for
                  | the Orb.
     0 | D:1      | Reached XP level 1. HP: 9/9 MP: 3/3
   394 | D:1      | Reached skill level 1 in Unarmed Combat
   469 | D:1      | Reached XP level 2. HP: 14/14 MP: 4/4
   985 | D:2      | Reached XP level 3. HP: 12/17 MP: 2/5
  1239 | D:2      | Reached skill level 1 in Fighting
  1451 | D:3      | Gained mutation: Your natural rate of healing is unusually
                  | fast. [Vine Stalker growth]
  1451 | D:3      | Reached XP level 4. HP: 21/22 MP: 6/6
  1615 | D:3      | Reached XP level 5. HP: 21/26 MP: 7/7
  1845 | D:3      | Identified a scroll of acquirement
  1845 | D:3      | Acquired the amulet of Areg {Regen+ Str+4}
  1968 | D:3      | Found a radiant altar of Vehumet.
  2451 | D:4      | Reached XP level 6. HP: 31/32 MP: 8/8
  2514 | D:4      | Reached skill level 5 in Unarmed Combat
  2904 | D:4      | Found a stormy altar of Qazlal.
  2917 | D:4      | Reached XP level 7. HP: 36/36 MP: 7/9
  2928 | D:4      | Became a worshipper of Qazlal Stormbringer
  2944 | D:4      | Found Jippudd's Weapon Shop.
  2946 | D:4      | Found Afud's Magic Scroll Shop.
  2946 | D:4      | Found Taimuycw's Armour Shop.
  2968 | D:4      | Found Hehetwop's Magic Scroll Shop.
  2974 | D:4      | Bought a +0 pair of boots for 49 gold pieces
  2984 | D:4      | Bought a scroll of enchant armour for 75 gold pieces
  2989 | D:4      | Bought a scroll of enchant armour for 97 gold pieces
  3177 | D:5      | Entered Level 5 of the Dungeon
  3324 | D:5      | Found a staircase to the Ecumenical Temple.
  3881 | D:5      | Gained mutation: You have razor-sharp teeth. [Vine Stalker
                  | growth]
  3881 | D:5      | Reached XP level 8. HP: 32/42 MP: 6/10
  3887 | D:5      | Reached skill level 1 in Invocations
  3892 | D:5      | Reached * piety under Qazlal
  3962 | D:6      | You fall into a shaft and drop 3 floors!
  3977 | D:9      | Found a runed translucent door.
  3994 | D:9      | Found a runed translucent door.
  4009 | D:9      | Found a runed translucent door.
  4666 | D:7      | Identified the +8 mace of Xideoleo {heavy, Dex+3 Stlth+}
  4674 | D:7      | Reached skill level 5 in Fighting
  4706 | D:7      | Reached XP level 9. HP: 40/45 MP: 8/12
  4746 | D:7      | Found a blossoming altar of Fedhas.
  4952 | D:7      | Found a glowing golden altar of the Shining One.
  5058 | D:7      | Found a shimmering blue altar of Sif Muna.
  5709 | D:8      | Reached ** piety under Qazlal
  5924 | D:8      | Noticed a manticore
  5930 | D:8      | Killed a manticore
  5931 | D:8      | Reached skill level 10 in Unarmed Combat
  5940 | D:8      | Noticed a two-headed ogre
  5967 | D:8      | Killed a two-headed ogre
  5968 | D:8      | Reached skill level 5 in Invocations
  5968 | D:8      | Reached XP level 10. HP: 55/55 MP: 7/14
  6193 | D:8      | Found a sacrificial altar of Ru.
  6202 | D:8      | Found a basalt altar of Yredelemnul.
  6704 | D:9      | Found a runed translucent door.
  6712 | D:9      | Noticed an orange crystal statue
  6985 | D:9      | Found Jabrugg's Fire Supplies.
  7009 | D:9      | Bought a +2 chain mail of fire resistance for 279 gold
                  | pieces
  7081 | D:9      | Found a staircase to the Orcish Mines.
  7247 | D:10     | Entered Level 10 of the Dungeon
  7257 | D:10     | Reached *** piety under Qazlal
  7345 | D:9      | Reached skill level 1 in Shields
  7378 | D:10     | Noticed a two-headed ogre
  7386 | D:10     | Killed a two-headed ogre
  7486 | D:10     | Noticed Amaemon
  7486 | D:10     | Noticed an orange demon
  7576 | D:10     | Reached XP level 11. HP: 50/60 MP: 10/16
  7624 | D:10     | Killed Amaemon
  7782 | D:10     | Noticed a deep elf pyromancer
  7794 | D:10     | Killed a deep elf pyromancer
  7876 | D:10     | Noticed a six-headed hydra
  7887 | D:10     | Killed a six-headed hydra
  8011 | D:10     | Found an iron altar of Okawaru.
  8159 | D:11     | Noticed a green ugly thing
  8172 | D:11     | Killed a green ugly thing
  8262 | D:11     | Found an iron altar of Okawaru.
  8610 | D:11     | Noticed a two-headed ogre
  8618 | D:11     | Killed a two-headed ogre
  8651 | D:11     | Noticed a manticore
  8653 | D:11     | Noticed a manticore
  8657 | D:11     | Killed a manticore
  8663 | D:11     | Killed a manticore
  8790 | D:11     | Found a staircase to the Lair.
  9102 | Lair:1   | Entered Level 1 of the Lair of Beasts
  9139 | D:11     | Reached skill level 10 in Fighting
  9153 | D:11     | Reached XP level 12. HP: 31/67 MP: 9/18
  9308 | Lair:1   | Reached skill level 1 in Armour
  9314 | Lair:1   | Reached **** piety under Qazlal
  9513 | Lair:1   | Noticed a boulder beetle
 10093 | Lair:1   | Killed a boulder beetle
 10287 | Lair:2   | Reached skill level 5 in Shields
 10365 | Lair:2   | Found a frozen archway.
 10374 | IceCv    | Entered an ice cave
 10635 | IceCv    | Noticed an ice dragon
 10663 | IceCv    | Killed an ice dragon
 10664 | IceCv    | Reached XP level 13. HP: 42/72 MP: 16/20
 10831 | Lair:2   | Reached ***** piety under Qazlal
 10959 | Lair:2   | Reached skill level 5 in Armour
 11202 | Lair:2   | Found a staircase to the Snake Pit.
 11483 | Lair:2   | Learned a level 3 spell: Swiftness
 11549 | Lair:2   | Found a staircase to the Swamp.
 12240 | Lair:3   | Noticed Nessos
 12269 | Lair:3   | Killed Nessos
 12985 | Lair:4   | Reached skill level 15 in Unarmed Combat
 13402 | Lair:5   | Entered Level 5 of the Lair of Beasts
 13412 | Lair:5   | Found a staircase to the Slime Pits.
 13412 | Lair:5   | Found a viscous altar of Jiyva.
 13412 | Lair:5   | Paralysed by a floating eye for 3 turns
 13505 | Lair:4   | Reached XP level 14. HP: 79/79 MP: 17/22
 13824 | Lair:5   | Reached ****** piety under Qazlal
 14065 | Lair:5   | Reached skill level 10 in Invocations
 14239 | Lair:5   | Reached skill level 5 in Dodging
 15039 | D:12     | Noticed Psyche
 15040 | D:12     | Identified the +8 dagger of the Badger {heavy, rF+ Str+4
                  | Dex+5}
 15049 | D:12     | Killed Psyche
 15103 | D:12     | Reached XP level 15. HP: 84/84 MP: 23/23
 15482 | D:13     | Identified the +0 helmet "Someusa" {Int+2 Dex+4}
 15676 | D:13     | Found a gate leading to a gauntlet.
 15695 | Gauntlet | Entered a Gauntlet
 15695 | Gauntlet | Found a transporter.
 15695 | Gauntlet | Found a runed translucent door.
 15695 | Gauntlet | Found a runed translucent door.
 15695 | Gauntlet | Found a transporter.
 15696 | Gauntlet | Found a transporter.
 15697 | Gauntlet | Found a transporter.
 15697 | Gauntlet | Found a transporter.
 15700 | Gauntlet | Found a transporter.
 15735 | Gauntlet | Found a transporter.
 15737 | Gauntlet | Found a transporter.
 15745 | Gauntlet | Found a transporter.
 15763 | Gauntlet | Found a transporter.
 15780 | Gauntlet | Found a transporter.
 15783 | Gauntlet | Found a transporter.
 15944 | Gauntlet | Identified the +9 rapier of Tuosuiti {freeze, Fragile rPois
                  | rF+++ Int-3}
 15944 | Gauntlet | Identified the +1 orcbow of Hacking and Slashing {drain,
                  | rC+}
 15958 | Gauntlet | Got the Opusculum on Quantum Shaping
 15973 | Gauntlet | Got Arefev's Precepts of Distance
 15975 | Gauntlet | Identified the +2 leather armour of the Gusle {Int+4 SInv}
 16057 | D:13     | Noticed Snorg
 16074 | D:13     | Killed Snorg
 16880 | D:14     | Reached skill level 10 in Armour
 17036 | D:14     | Reached skill level 1 in Shapeshifting
 17044 | D:14     | Reached XP level 16. HP: 70/90 MP: 22/25
 17089 | D:14     | Found a gate to the Vaults.
 17438 | D:15     | Entered Level 15 of the Dungeon
 17503 | D:14     | Reached skill level 5 in Shapeshifting
 17557 | D:15     | Found a staircase to the Depths.
 17794 | D:15     | Identified the +3 hand axe "Jyexieg" {speed, Will+}
 18134 | Snake:1  | Entered Level 1 of the Snake Pit
 18227 | Snake:1  | Found Nuphixzu's Magic Scroll Shoppe.
 18316 | Snake:1  | Bought a scroll of enchant armour for 82 gold pieces
 18316 | Snake:1  | Bought a scroll of revelation for 82 gold pieces
 18734 | Snake:1  | Found Ummeluq's Antique Weapon Emporium.
 18751 | Snake:1  | Found Fexil Duhoa's Weapon Emporium.
 18900 | Snake:1  | Noticed a nagaraja
 18907 | Snake:1  | Killed a nagaraja
 19014 | Snake:1  | Found Beckivi's Magic Scroll Boutique.
 19019 | Snake:1  | Bought a scroll of enchant armour for 90 gold pieces
 19019 | Snake:1  | Bought a scroll of blinking for 90 gold pieces
 19208 | Snake:1  | Found Witin's Assorted Antiques.
 19214 | Snake:1  | Bought a scroll of teleportation for 114 gold pieces
 19214 | Snake:1  | Bought 2 scrolls of teleportation for 228 gold pieces
 19852 | Snake:2  | You fall into a shaft and drop 1 floor!
 20313 | Snake:3  | Reached XP level 17. HP: 69/94 MP: 20/26
 21340 | Snake:4  | Entered Level 4 of the Snake Pit
 21424 | Snake:4  | Reached skill level 10 in Shapeshifting
 21844 | Snake:4  | Found Syqod's Assorted Antiques.
 21860 | Snake:4  | Bought a scroll of revelation for 195 gold pieces
 21860 | Snake:4  | Bought a scroll of fog for 104 gold pieces
 22418 | Snake:4  | Noticed a quicksilver dragon
 22427 | Snake:4  | Noticed a quicksilver dragon
 22428 | Snake:4  | Killed a quicksilver dragon
 22844 | Snake:4  | Killed a quicksilver dragon
 23233 | Snake:4  | Got a serpentine rune of Zot
 23510 | Orc:1    | Entered Level 1 of the Orcish Mines
 23641 | Orc:2    | Entered Level 2 of the Orcish Mines
 23641 | Orc:2    | Noticed Donald
 23677 | Orc:2    | Killed Donald
 23894 | Orc:2    | Found a staircase to the Elven Halls.
 23947 | Orc:2    | Reached XP level 18. HP: 102/102 MP: 27/27
 24058 | Orc:1    | Found a runed translucent door.
 24058 | Orc:1    | Noticed Raruif's ghost (journeyman KoHu)
 24198 | Orc:1    | Killed Raruif's ghost
 24646 | Orc:2    | Found Wockuad's Antique Weapon Shoppe.
 24646 | Orc:2    | Found Alluo's Assorted Antiques.
 24647 | Orc:2    | Found Seskaw's Jewellery Boutique.
 24647 | Orc:2    | Found Den Wagu's Weapon Shoppe.
 24656 | Orc:2    | Bought 2 potions of haste for 660 gold pieces
 24656 | Orc:2    | Bought a potion of haste for 330 gold pieces
 24951 | D:4      | Bought a +1 plate armour of poison resistance for 352 gold
                  | pieces
 25235 | Swamp:1  | Entered Level 1 of the Swamp
 25256 | Swamp:1  | Noticed Josephine
 25288 | Swamp:1  | Killed Josephine
 25408 | Swamp:1  | Noticed a tentacled monstrosity
 25428 | Swamp:1  | Killed a tentacled monstrosity
 25792 | Swamp:2  | Reached skill level 15 in Fighting
 26470 | Swamp:3  | Identified the +7 trident of Putoj {spect, Dex+3 SInv}
 26470 | Swamp:3  | Noticed Nikola
 26494 | Swamp:3  | Killed Nikola
 26814 | Swamp:3  | Identified the +2 plate armour of Moral Flaws {rPois}
 26953 | Swamp:3  | Found a burning altar of Makhleb.
 27066 | Swamp:4  | Entered Level 4 of the Swamp
 27323 | Swamp:4  | Reached XP level 19. HP: 67/108 MP: 15/28
 27723 | Swamp:4  | Got a decaying rune of Zot
 28264 | Elf:1    | Entered Level 1 of the Elven Halls
 28267 | Elf:1    | Paralysed by an air elemental for 1 turns
 28470 | Elf:1    | Found Focrid's Book Shop.
 28498 | Elf:1    | Found Lapib's Overcharged Wands.
 28510 | Elf:1    | Bought a wand of digging (11) for 693 gold pieces
 28689 | Elf:1    | Noticed Roxanne
 28699 | Elf:1    | Killed Roxanne
 29270 | Elf:2    | Reached skill level 15 in Shapeshifting
 29541 | Elf:2    | Found a runed translucent gate.
 29542 | Elf:2    | Found a runed translucent gate.
 29542 | Elf:2    | Found a runed translucent gate.
 29820 | Elf:2    | Reached XP level 20. HP: 95/113 MP: 22/29
 30023 | Elf:3    | Entered Level 3 of the Elven Halls
 30061 | Elf:3    | Identified the +2 tower shield "Fesurafa" {Fly Str+2}
 30061 | Elf:3    | Noticed Louise
 30063 | Abyss:3  | Cast into level 3 of the Abyss (Louise)
 30144 | Elf:3    | Escaped the Abyss
 30168 | Elf:2    | Killed Louise
 30362 | Elf:3    | Paralysed by an air elemental for 1 turns
 30373 | Elf:3    | Paralysed by an air elemental for 1 turns
 31126 | Elf:3    | Got the Grimoire of Feculent Destruction
 31128 | Elf:3    | Got the Incunable of Pestilent Incandescence
 31132 | Elf:3    | Identified the +0 robe "Deim" {rF+ Archmagi}
 31153 | Elf:3    | Identified the +6 battleaxe of Wrath {vamp, rF+ Will+}
 31200 | Elf:3    | Got the Anthology of Frostbite
 31224 | Elf:3    | Identified the +2 hand axe "Buqur" {speed, rElec rC++ rN+
                  | SInv}
 31582 | Vaults:1 | Entered Level 1 of the Vaults
 31977 | Vaults:1 | Identified the +0 helmet of Paranoia {Harm}
 32337 | Vaults:1 | Reached XP level 21. HP: 115/117 MP: 30/30
 33174 | Vaults:2 | Identified the staff "Oxadoret" {rElec Int+2 Air}
 33769 | D:4      | Bought a scroll of teleportation for 39 gold pieces
 33769 | D:4      | Bought a scroll of teleportation for 39 gold pieces
 33769 | D:4      | Bought a scroll of teleportation for 39 gold pieces
 34938 | Vaults:2 | You fall into a shaft and drop 2 floors!
 35125 | Vaults:4 | Found a crumbling gateway.
 35753 | Vaults:3 | Reached XP level 22. HP: 55/122 MP: 12/31
 35875 | Vaults:3 | Identified the +7 tower shield of Limitation {Harm rElec
                  | MP-9 Int+6}
 35875 | Vaults:3 | Noticed Mennas
 36316 | Vaults:3 | Killed Mennas
 37014 | Vaults:3 | Noticed Margery
 37019 | Vaults:3 | Killed Margery
 37222 | Vaults:3 | Found a staircase to the Crypt.
 37940 | Depths:1 | Entered Level 1 of the Depths
 38041 | Depths:1 | Identified the amulet "Giatom" {Faith Str+2 Dex+2}
 38065 | Depths:1 | Noticed the Enchantress
 38254 | Depths:1 | Killed the Enchantress
 38272 | Depths:1 | Reached skill level 10 in Shields
 38509 | Depths:1 | Found a one-way gateway to a ziggurat.
 38524 | Depths:1 | Reached XP level 23. HP: 127/127 MP: 33/33
 38640 | Depths:1 | Found a glowing silver altar of Zin.
 38812 | Depths:1 | Found a gateway to Hell.
 38892 | Depths:1 | Found a one-way gate leading to the halls of Pandemonium.
 39017 | Depths:2 | You fall into a shaft and drop 1 floor!
 39115 | Depths:2 | Noticed a caustic shrike
 39116 | Depths:2 | Noticed Grunn
 39120 | Depths:2 | Killed a caustic shrike
 39130 | Depths:2 | Noticed Bai Suzhen
 39137 | Depths:2 | Killed Grunn
 39251 | Depths:2 | Reached skill level 10 in Dodging
 39271 | Depths:2 | Identified the ring of Sovereignty {Int+5 SInv}
 39392 | Depths:2 | Noticed Saint Roka
 39432 | Depths:2 | Found a transporter.
 39544 | Depths:2 | Killed Saint Roka
 39677 | Depths:2 | Identified the ring "Vuamaed" {Contam rElec rPois rN+++
                  | Dex+2}
 39735 | Depths:2 | Found Poigem's Book Shop.
 39764 | Depths:2 | Noticed a golden dragon
 39782 | Depths:2 | Killed a golden dragon
 39818 | Depths:2 | Identified the ring "Xesm" {rF+ rC+ SInv}
 39926 | Depths:2 | Found a transporter.
 39959 | Depths:2 | Found Suex's Distillery.
 39970 | Depths:2 | Bought a potion of might for 80 gold pieces
 39970 | Depths:2 | Bought a potion of might for 80 gold pieces
 40003 | Depths:2 | Killed Bai Suzhen
 40256 | Depths:3 | Noticed Xtahua
 40264 | Depths:3 | Killed Xtahua
 40425 | Depths:3 | Reached XP level 24. HP: 127/134 MP: 34/34
 40566 | Depths:3 | Found a one-way gate to the infinite horrors of the Abyss.
 41052 | Depths:4 | Entered Level 4 of the Depths
 41660 | Depths:4 | Reached skill level 15 in Invocations
 41833 | Depths:4 | Reached skill level 1 in Stealth
 41947 | Depths:4 | Identified the amulet "Yhoxo" {Regen+ Int+2 Dex+4}
 42214 | Depths:4 | Found a gate to the Realm of Zot.
 42810 | Vaults:5 | Entered Level 5 of the Vaults
 42826 | Vaults:4 | Reached XP level 25. HP: 127/140 MP: 24/35
 42843 | Vaults:4 | Reached skill level 5 in Stealth
 43094 | Vaults:5 | Got a silver rune of Zot
 43124 | Vaults:5 | Identified the +7 halberd of Twilight {heavy, +Blink
                  | Stlth+}
 43149 | Vaults:5 | Identified the +7 hand axe of Dominance {spect, *Rage *Slow
                  | Int+5 Dex+2}
 43296 | Vaults:5 | Learned a level 2 spell: Blink
 43301 | Vaults:5 | Learned a level 4 spell: Manifold Assault
 43543 | Vaults:5 | Got the Parchment of the Dimensional Mesa
 44021 | Vaults:5 | Identified the +4 chain mail of Umnum {rN+}
 44458 | Vaults:5 | Identified the ring of the Ladybird {Ice Dex+4}
 44961 | Zot:1    | Entered Level 1 of the Realm of Zot
 45028 | Zot:1    | Reached XP level 26. HP: 147/147 MP: 36/36
 45455 | Zot:1    | Found a transporter.
 46109 | Zot:2    | Identified the +9 mace of the Sage {drain, Dex+6}
 46292 | Zot:2    | Reached skill level 15 in Shields
 47422 | Zot:3    | Reached XP level 27. HP: 155/155 MP: 37/37
 47893 | Zot:3    | Noticed an ancient lich
 47900 | Zot:3    | Killed an ancient lich
 49593 | Zot:5    | Entered Level 5 of the Realm of Zot
 49840 | Zot:5    | Reached skill level 15 in Dodging
 50216 | Zot:5    | Noticed an orb of fire
 50239 | Zot:5    | Killed an orb of fire
 50397 | Zot:5    | Noticed an orb of fire
 50408 | Zot:5    | Noticed a dread lich
 50420 | Zot:5    | Killed an orb of fire
 50421 | Zot:5    | Noticed a dread lich
 50549 | Zot:5    | Noticed an orb of fire
 50562 | Zot:5    | Killed an orb of fire
 50665 | Zot:5    | Killed a dread lich
 51014 | Zot:5    | Noticed a dread lich
 51018 | Zot:5    | Noticed an orb of fire
 51022 | Zot:5    | Killed a dread lich
 51041 | Zot:5    | Killed an orb of fire
 51192 | Zot:5    | Killed a dread lich
 51195 | Zot:5    | Noticed an orb of fire
 51216 | Zot:5    | Killed an orb of fire
 51250 | Zot:5    | Got the Orb of Zot
 51340 | Zot:4    | Noticed Ziubil the pandemonium lord
 51386 | Zot:4    | Killed Ziubil the pandemonium lord
 51625 | Depths:2 | Noticed Ontah the pandemonium lord
 51646 | Depths:1 | Killed Ontah the pandemonium lord
 51662 | D:15     | Noticed a seraph
 51843 | D:9      | Noticed Saotweih the pandemonium lord
 51973 | D:4      | Noticed Buix the pandemonium lord
 52048 | D:1      | Noticed an ancient lich
 52052 | D:1      | Noticed Piox the pandemonium lord
 52058 | D:1      | Killed an ancient lich
 52067 | D:1      | Killed Piox the pandemonium lord
 52090 | D:$      | Escaped with the Orb!

Illustrated notes

Levels and vault maps discovered:
D:1:      reono_arrival_forest_river, layout_basic, minmay_shallow_snake_nest
D:2:      layout_rooms, minmay_three_crescents
D:3:      cheibrodos_old_hovel, layout_loops_ring, mainiacjoe_overflow_alcove_2,
          st_stairs_1
D:4:      layout_loops_ring, mainiacjoe_overflow_catwalk,
          minmay_shop_grid_forest, minmay_goblin_kobold_house
D:5:      layout_basic, minmay_temple_entry_arrows, st_stairs_1,
          kennysheep_nondescript
D:6:      layout_rooms
D:7:      layout_loops_ring, nicolae_tso_swordbearing_angel,
          mainiacjoe_overflow_large_starburst, grunt_decor_fettered
D:8:      minmay_cornered_nines, layout_basic, amethyst_overflow_temple_binary
D:9:      layout_loops_ring, orc_0_dummy, nicolae_shop_fire_sale
          [nicolae_sub_dead_trees], minmay_statue_crystal_thing
D:10:     layout_rooms, mainiacjoe_overflow_alcove_4, grunt_ministairs_9,
          lightli_fourway_metalbox, uniq_amaemon
D:11:     layout_stronghold, lair_entry_dummy, grunt_ministairs_8,
          okawaru_humans
D:12:     layout_basic, uniq_psyche
D:13:     layout_roguey, gauntlet_entry_generic, uniq_snorg
D:14:     cheibrodos_ideogram_h, layout_irregular_city,
          grunt_vaults_entry_fortified, hangedman_decor_opposing
D:15:     grunt_enter_depths_giant_problem, layout_cave_pools,
          serial_park_tiny_pond
Lair:1:   layout_cave_pods, grunt_megastairs_2
Lair:2:   layout_cave_pods, nicolae_swamp_entry_spooky,
          guppyfry_snake_entry_island, portal_ice_cave_rime,
          chequers_serial_rivers_room_b, grunt_megastairs_1,
          serial_bayou_shore_a, lemuel_fruit_tree
Lair:3:   layout_long_grid, infiniplex_staircase_pool, uniq_nessos
Lair:4:   layout_cellular_growth
Lair:5:   hangedman_lair_in_review, layout_misc_corridors,
          minmay_slime_entry_eyes, serial_bayou_shore_b, serial_bayou_shore_b
Swamp:1:  cheibrodos_swamp_monstrosity, layout_falls_marsh,
          evilmike_swamp_ruin_house_5, uniq_josephine
Swamp:2:  nicolae_swamp_ascending_descending_big, layout_basic_swamp,
          evilmike_swamp_ruin_house_1
Swamp:3:  layout_falls_marsh, basic_altar, uniq_nikola
Swamp:4:  swamp_basic_johnstein, layout_basic_swamp, swamp_pool2
Snake:1:  layout_honeycomb, serial_shops, nicolae_shop_rolled_up,
          nicolae_shop_temple_entry_statues_fountains,
          nicolae_shop_overgrown_old_shop, nicolae_shop_bloodbath_and_beyond,
          nicolae_shop_hallway_plus
Snake:2:  layout_grid_maze
Snake:3:  layout_basic, drop_trap, hangedman_snake_sidewinding,
          grunt_megastairs_4
Snake:4:  hellmonk_snake_rune_quicksilver_temple, layout_chambers, serial_shops,
          shop, nicolae_snake_the_dead_are_slithering, nicolae_triple_integral
Orc:1:    layout_diamond_mine, ebering_ghost_reflecting_pool
Orc:2:    st_orc_ogre_mass, layout_caves, uniq_donald
Elf:1:    minmay_elf_arrival_plus, layout_loops_ring, serial_shops,
          nicolae_shop_hallway_plus, kennysheep_underground_church,
          nicolae_shop_overcharged_wands, uniq_roxanne
Elf:2:    nicolae_elf_blades_crystal_corner, layout_geoelf_octagon, minivault_4
Elf:3:    elf_hall, layout_rooms, uniq_louise
Vaults:1: nicolae_vaults_sesquioval_fish, nicolae_vaults_offset_grid_hallway_1,
          nicolae_vaults_steering_wheel, nicolae_vaults_closet_pinwheel_2,
          v_misc_9, vaults_mumra_hex, layout_vaults_omnigrid
Vaults:2: nicolae_vaults_little_squares_2, st_octagons_2,
          nicolae_vaults_heart-shaped_vault, vaults_room_boxed,
          nicolae_vaults_hallways_thing, v_misc_11, hangedman_vaults_pinch,
          ontoclasm_vaults_chip, v_rooms_5, nicolae_vaults_tetromino_L_1,
          v_misc_16, layout_vaults_ring
Vaults:3: minmay_crypt_entry_simple_box, v_misc_1, grunt_vaults_twisty,
          vaults_dpeg_spiral, nicolae_vaults_big_ls,
          nicolae_vaults_network_periphery, nicolae_vaults_security_offices_1,
          nicolae_vaults_tetromino_T_2, vaults_dpeg_ring, v_alt_pattern_5,
          nicolae_vaults_heist, layout_vaults_big_room, uniq_margery,
          uniq_mennas
Vaults:4: portal_desolation_entry_ruin, nicolae_vaults_thirteen_compartments,
          ontoclasm_vaults_decontamination, v_misc_9, nicolae_vaults_asterisk,
          nicolae_vaults_yaktaur_gun_rack, nicolae_vaults_trapezoid_2,
          ontoclasm_vaults_eye, nicolae_vaults_house_3, v_misc_32,
          v_alt_pattern_1, nicolae_vaults_apartment_1, vaults_room_pool,
          nicolae_vaults_little_squares_5, layout_vaults_omnibox
Vaults:5
Depths:1: nicolae_whirlpool, layout_cave_pools, enter_ziggurat_c,
          pf_hell_entry_great_geh, grunt_pan_entry_zigzag, zin_scriptorium,
          uniq_enchantress
Depths:2: hangedman_spin_cycle, pan_entry, hell_entry, uniq_bai_suzhen,
          uniq_grunn
Depths:3: minmay_tri_box, layout_honeycomb, hangedman_abyss_entry_splay,
          hell_entry, chequers_serial_rivers_micro_a, pan_entry,
          infiniplex_staircase_zigzag_1, uniq_xtahua, uniq_josephina
Depths:4: lemuel_castle_with_subvaults [lemuel_castle_interior_carwin_2],
          layout_basic, abyss_entry, lightli_too_deep, hangedman_decor_points
Zot:1:    layout_twisted_circle, nicolae_diode_basic, grunt_megastairs_3
Zot:2:    lemuel_acid_trip, layout_concentric_octagons, st_stairs_2,
          grunt_ministairs_15, hangedman_zot_spectrum
Zot:3:    layout_cathedral_of_symmetry, lemuel_lich_library
Zot:4:    layout_concentric_octagons, grunt_megastairs_5
Zot:5:    layout_basic

Skill      XL: |  1  2  3  4  5  6  7  8  9 10 11 12 13 14 15 16 17 18 19 20 21 22 23 24 25 26 27 |
---------------+----------------------------------------------------------------------------------+-----
Unarmed Combat | 1 2 3 4 6 7 8 10 11 12 13 15 16 17 18 19 20 21 | 21.3
Fighting       | 1 2 3 4 5 7 8 10 11 12 14 15 16 17 18 19 | 19.3
Invocations    | 3 5 6 7 8 9 10 11 13 14 15 16 18 | 18.2
Shields        | 2 4 5 10 11 13 14 15 | 15.0
Armour         | 4 7 8 10 11 | 11.3
Dodging        | 2 5 7 9 10 17 | 17.9
Shapeshifting  | 1 9 11 12 15 18 20 21 | 21.0
Stealth        | 4 6 |  6.0
Ranged Weapons | |  1.7
Spellcasting   | |  1.1
Hexes          | |  3.0

Action                     |  1- 3 |  4- 6 |  7- 9 | 10-12 | 13-15 | 16-18 | 19-21 | 22-24 | 25-27 || total
---------------------------+-------+-------+-------+-------+-------+-------+-------+-------+-------++-------
  Melee: Unarmed           |    51 |   236 |   313 |   542 |   947 |  1140 |  1058 |  1237 |  1590 ||  7114
         Bite              |    15 |    67 |   117 |   210 |   445 |   428 |   449 |   658 |   857 ||  3246
         Punch             |     1 |       |       |       |       |    93 |    96 |       |       ||   190
   Fire: Sling             |    63 |       |       |       |       |       |       |       |       ||    63
   Cast: Slow              |       |     2 |       |       |       |       |       |       |       ||     2
 Invoke: Upheaval          |       |       |       |     6 |     9 |    18 |    20 |     4 |       ||    57
         Disaster Area     |       |       |       |       |       |     3 |     1 |     2 |     1 ||     7
Ability: Siphon Essence    |       |       |       |       |       |       |     5 |    21 |    48 ||    74
  Evoke: Wand              |       |       |     2 |    16 |     8 |     4 |     1 |     2 |       ||    33
    Use: Scroll            |       |    10 |     8 |     5 |     9 |     5 |     8 |     5 |    20 ||    70
         Potion            |       |       |     3 |     3 |       |     4 |     1 |       |     1 ||    12
   Stab: Distracted        |       |     1 |       |       |       |     1 |       |       |       ||     2
         Invisible         |       |       |     2 |     6 |       |     1 |       |       |       ||     9
         Petrified         |       |       |       |       |     8 |       |       |       |       ||     8
         Petrifying        |       |       |       |       |     2 |       |       |       |       ||     2
         Confused          |       |       |       |       |       |     2 |       |       |       ||     2
 Armour: Scale mail        |    32 |    66 |    57 |       |       |       |       |       |       ||   155
         Leather armour    |       |       |    45 |     7 |       |       |       |       |       ||    52
         Skin              |       |       |     3 |       |       |       |       |       |       ||     3
         Chain mail        |       |       |       |   252 |   431 |   177 |   143 |       |       ||  1003
         Plate armour      |       |       |       |       |       |   104 |   132 |   407 |   408 ||  1051
  Dodge: Dodged            |    36 |    80 |   126 |   168 |   315 |   589 |   505 |   360 |   537 ||  2716
         Repelled          |       |       |       |     1 |     5 |    34 |    31 |    23 |    35 ||   129
  Block: Buckler           |       |    36 |    85 |   289 |   663 |   230 |       |       |       ||  1303
         Other             |       |       |       |       |       |   236 |   204 |       |       ||   440
         Kite shield       |       |       |       |       |       |       |   246 |  1069 |  1298 ||  2613
   Form: Blade             |       |       |       |       |       |     2 |       |       |       ||     2
                           |       |       |       |       |       |     1 |       |       |     1 ||     2
         Death             |       |       |       |       |       |       |     1 |       |     1 ||     2

Table legend: (Time is in decaauts)
 A = Elapsed time spent in this place.
 B = Non-inter-level travel time spent in this place.
 C = Inter-level travel time spent in this place.
 D = Time resting spent in this place.
 E = Time spent auto-exploring this place.
 F = Levels seen in this place.
 G = Mean time per level.
                   A        B        C        D        E       F      G
               +--------+--------+--------+--------+--------+-----+--------+
         Total |  50767 |  45508 |   5259 |   1878 |  30115 |  50 | 1015.3 |
       Dungeon |  14093 |  11841 |   2252 |    405 |   8292 |  15 |  939.5 |
          Lair |   5551 |   4858 |    693 |     40 |   3575 |   5 | 1110.2 |
         Swamp |   2884 |   2731 |    153 |    108 |   1745 |   4 |  721.0 |
     Snake Pit |   5047 |   4767 |    280 |    286 |   3324 |   4 | 1261.8 |
  Orcish Mines |   1314 |   1149 |    165 |    127 |    764 |   2 |  657.0 |
   Elven Halls |   2901 |   2769 |    132 |    185 |   1585 |   3 |  967.0 |
        Vaults |   7556 |   6629 |    927 |    126 |   4518 |   5 | 1511.2 |
        Depths |   4525 |   4085 |    440 |     78 |   2424 |   4 | 1131.2 |
           Zot |   6142 |   5928 |    214 |    502 |   3718 |   5 | 1228.4 |
         Abyss |     72 |     72 |      0 |      0 |      0 |   1 |   72.0 |
      Ice Cave |    400 |    400 |      0 |     21 |    167 |   1 |  400.0 |
      Gauntlet |    277 |    277 |      0 |      0 |      0 |   1 |  277.0 |
               +--------+--------+--------+--------+--------+-----+--------+

Top non-repeatable levels by time:
 Snake:4: 1667 daAuts
Vaults:1: 1655 daAuts
   Zot:5: 1600 daAuts
Vaults:5: 1592 daAuts
Vaults:2: 1579 daAuts
Depths:4: 1481 daAuts
    D:11: 1480 daAuts
    D:14: 1450 daAuts
Vaults:3: 1383 daAuts
   Zot:2: 1362 daAuts
  Lair:2: 1362 daAuts
Vaults:4: 1346 daAuts
     D:8: 1332 daAuts
 Snake:3: 1307 daAuts
Depths:3: 1284 daAuts
